 Dungeon Crawl Stone Soup version 0.29-a0-1047-g7c58e119a4 (webtiles) character file.

Game seed: 5129842158698758689

27 Newt the Cutter (level 2, -9/22 HPs)
             Began as a Demonspawn Gladiator on Aug 16, 2022.
             Mangled by a hobgoblin
             ... wielding a +0 war axe
              (11 damage)
             ... on level 1 of the Dungeon.
             The game lasted 00:01:27 (830 turns).

Newt the Cutter (Demonspawn Gladiator)               Turns: 830, Time: 00:01:28

Health: -9/22      AC:  4    Str: 14    XL:     2   Next: 93%
Magic:  2/2        EV: 12    Int:  9    God:
Gold:   72         SH:  0    Dex: 14    Spells: 1/1 levels left

rFire   . . .      SeeInvis .   a - +0 rapier
rCold   . . .      Faith    .   i - orb {mayhem}
rNeg    . . .      Spirit   .   b - +0 leather armour
rPois   .          Reflect  .   c - +0 helmet
rElec   .          Harm     .   (no cloak)
rCorr   .          Rampage  .   (no gloves)
Will    .....                   (no boots)
Stlth   ++........              (no amulet)
HPRegen 0.07/turn               (no ring)
MPRegen 0.08/turn               (no ring)

@: no status effects
A: sturdy frame 1
a: no special abilities


You were on level 1 of the Dungeon.
You visited 1 branch of the dungeon, and saw 1 of its levels.

You collected 72 gold pieces.

Inventory:

Hand Weapons
 a - a +0 rapier (weapon)
Missiles
 h - 9 stones (quivered)
Armour
 b - a +0 leather armour (worn)
 c - a +0 helmet (worn)
 i - an orb of mayhem (worn)
Scrolls
 f - a scroll of magic mapping {unknown}
 g - a scroll of teleportation {unknown}


   Skills:
 - Level 2.0 Fighting
 + Level 3.1 Short Blades
 - Level 1.7 Throwing
 - Level 2.6 Dodging
 - Level 2.0 Stealth


You had one spell level left.
You didn't know any spells.
Your spell library was empty.

Dungeon Overview and Level Annotations

Branches:
Dungeon (1/15)

Altars:

Shops:
D:1 !


Innate Abilities, Weirdness & Mutations

Your movements are slightly less encumbered by armour. (ER -2)


Message History

You aren't carrying any potions.
Unknown command.
The kobold hits the hobgoblin with a +0 whip.
The hobgoblin barely misses the kobold.
The hobgoblin hits something.
You feel a bit more experienced.
The kobold hits the hobgoblin but does no damage.
The hobgoblin hits the kobold but does no damage.
You start resting.
A kobold is nearby!
Throw: javelin
Press: ? - help, Q - select action, (/) - cycle Shift-Dir - straight line, f - kobold
Aim: a kobold, wielding a +0 whip (51% to hit)
You throw a javelin. The javelin pierces through the kobold.
You kill the kobold!
Unknown command.
You start resting.
A hobgoblin is nearby!
You start resting.
A hobgoblin is nearby!
The hobgoblin shouts!
You closely miss the hobgoblin.
The hobgoblin hits you with a +0 war axe!
Ouch! That really hurt!
You are too injured to fight recklessly!
You hit the hobgoblin but do no damage.
The hobgoblin hits you with a +0 war axe!
* * * LOW HITPOINT WARNING * * *
Unknown command.
You closely miss the hobgoblin. The hobgoblin barely misses you.
Unknown command.
You closely miss the hobgoblin. The hobgoblin closely misses you.
Unknown command.
You barely miss the hobgoblin. The hobgoblin completely misses you.
Unknown command.
You hit the hobgoblin but do no damage. The hobgoblin closely misses you.
Unknown command.
You closely miss the hobgoblin.
The hobgoblin hits you with a +0 war axe!
Ouch! That really hurt!
You die...

#### #...# #..#
...####..###########..##
.......##..........).#
##>#..###.........†#.##
##....####..........#..#
####..#..#.............##.#
#....##.........)...>..##..
######.#####.##.......).........
##......#####.##@g..###..###.####
...#####.................# #.#
.### #.......##.######.###.# .##
#.......##.# #...#.#### ..##
##########.# #.#....... ...###
#.# #.#....... .....# #.#
#.#.†..... #..#.######### #.#
#........† ##.#.##.K..K.# #.#
#.#.......


You could see a hobgoblin.

Vanquished Creatures
  A gnoll (D:1)
  3 ball pythons (D:1)
  A bat (D:1)
  An endoplasm (D:1)
  A giant cockroach (D:1)
  2 goblins (D:1)
  3 jackals (D:1)
  A quokka (D:1)
  2 kobolds (D:1)
  A rat (D:1)
16 creatures vanquished.

Vanquished Creatures (collateral kills)
  A kobold (D:1)
1 creature vanquished.

Vanquished Creatures (others)
  A hobgoblin (D:1)
1 creature vanquished.

Grand Total: 18 creatures vanquished

Notes
Turn   | Place    | Note
-------+----------+-------------------------------------------
     0 | D:1      | Newt the Demonspawn Gladiator began the quest for the Orb.
     0 | D:1      | Reached XP level 1. HP: 16/16 MP: 1/1
    27 | D:1      | Found a faded altar of an unknown god.
    39 | D:1      | Reached skill level 1 in Stealth
    49 | D:1      | Gained mutation: Your movements are slightly less
                  | encumbered by armour. (ER -2) [demonic ancestry]
    49 | D:1      | Reached XP level 2. HP: 10/22 MP: 2/2
   334 | D:1      | Reached skill level 3 in Short Blades
   523 | D:1      | Found Unism's Distillery.
   538 | D:1      | HP: 1/22 [hobgoblin (4)]
   830 | D:1      | Mangled by a hobgoblin

Illustrated notes

Levels and vault maps discovered:
D:1:      evilmike_arrival_crescent, layout_rooms,
          hellmonk_ecumenical_altar_pennies_from_heaven, serial_shops,
          nicolae_diamond_shop

Skill      XL: |  1  2 |
---------------+-------+-----
Stealth        | 1 2 |  2.0
Short Blades   | 3 |  3.1
Fighting       | |  2.0
Throwing       | |  1.7
Dodging        | |  2.6

Action                   || total
-------------------------++-------
Melee: Rapier            ||    56
Throw: Throwing net      ||     4
       Javelin           ||     1
Armor: Leather armour    ||    15
Dodge: Dodged            ||    34

Table legend: (Time is in decaauts)
 A = Elapsed time spent in this place.
 B = Non-inter-level travel time spent in this place.
 C = Inter-level travel time spent in this place.
 D = Time resting spent in this place.
 E = Time spent auto-exploring this place.
 F = Levels seen in this place.
 G = Mean time per level.
                   A        B        C        D        E       F      G
               +--------+--------+--------+--------+--------+-----+--------+
         Total |    835 |    835 |      0 |    443 |    245 |   1 |  835.0 |
       Dungeon |    835 |    835 |      0 |    443 |    245 |   1 |  835.0 |
               +--------+--------+--------+--------+--------+-----+--------+

Top non-repeatable levels by time:
     D:1: 835 daAuts
